 Dungeon Crawl Stone Soup version 0.23.2-33-g5129a83184 (webtiles) character file.

Game seed: 15116159723116943198

47 Felnil the Sneak (level 3, -1/18 HPs)
             Began as a Spriggan Assassin on Aug 10, 2019.
             Slain by an adder (5 damage)
             ... on level 2 of the Dungeon.
             The game lasted 00:04:38 (1155 turns).

Felnil the Sneak (Spriggan Assassin)                Turns: 1155, Time: 00:04:39

Health: -1/18      AC:  3    Str:  7    XL:     3   Next: 48%
Magic:  4/4        EV: 19    Int: 12    God:
Gold:   145        SH:  0    Dex: 18    Spells: 2/2 levels left

rFire    + . .     SeeInvis +   a - +2 dagger
rCold    . . .     Gourm    .   (shield restricted)
rNeg     . . .     Faith    .   c - +0 robe
rPois    .         Spirit   .   (helmet restricted)
rElec    .         Reflect  .   d - +0 cloak
rCorr    .         Harm     .   (gloves unavailable)
MR       .....                  (boots unavailable)
Stlth    ++++......             (no amulet)
HPRegen  0.06/turn              l - ring of protection from fire
MPRegen  0.09/turn              (no ring)

@: lethally poisoned (-1 -> -4), very quick
A: very small, unfitting armour, see invisible, herbivore, speed 3, slow
metabolism 2
a: no special abilities


You were on level 2 of the Dungeon.
You were not hungry.

You visited 1 branch of the dungeon, and saw 2 of its levels.

You collected 145 gold pieces.

Inventory:

Hand Weapons
 a - a +2 dagger (weapon)
 b - a +0 blowgun
Missiles
 e - 8 poisoned needles
 f - 2 curare-tipped needles
Armour
 c - a +0 robe (worn)
 d - a +0 cloak (worn)
Jewellery
 l - a ring of protection from fire (left hand)
Scrolls
 i - 2 scrolls of teleportation {unknown}
 m - 3 scrolls of enchant armour {unknown}
Potions
 h - a potion of haste {unknown}
 j - a potion of brilliance {unknown}
 k - 2 potions of flight {unknown}
 n - a potion of resistance {unknown}
 o - a potion of lignification {unknown}
Comestibles
 g - 3 rations


   Skills:
 - Level 1.5 Fighting
 + Level 3.0 Short Blades
 - Level 2.0 Throwing
 + Level 3.2 Dodging
 + Level 6.6 Stealth


You had 2 spell levels left.
You didn't know any spells.
Your spell library was empty.

Dungeon Overview and Level Annotations

Branches:
Dungeon (2/15)

Altars:


Innate Abilities, Weirdness & Mutations

You are very small and have problems with some larger weapons.
You are too small for most types of armour.
You have supernaturally acute eyesight. (SInv)
You are a herbivore.
You cover ground extremely quickly.
You need to consume almost no food.


Message History

You barely miss the adder.
The adder is heavily wounded.
The adder closely misses you.
You closely miss the adder.
The adder is heavily wounded.
The adder bites you.
You hit the adder.
The adder is severely wounded.
The adder misses you.
You barely miss the adder.
The adder is severely wounded.
The adder barely misses you.
You miss the adder.
The adder is severely wounded.
You feel sick. The adder bites you.
* * * LOW HITPOINT WARNING * * *
You completely miss the adder.
The adder is severely wounded.
The adder bites you.
You die...

#..........†......#
...####+###########.# .
#..........# #.# ##
#..........# #.#
#..........# #.#
#..........# #.#
#.#..........# #.#
#.#...S......# #.#
#.#...@......# #.#
#.#..........# #.#
#............# #.#
##.........).# #.#
######..#+###########.#
......................#
#######.#.#############
#.#.# #...#


You could see an adder.

Vanquished Creatures
  3 oozes
  2 leopard geckos (D:1)
  2 giant cockroaches (D:2)
  7 hobgoblins (D:1)
  7 bats
  5 frilled lizards
  3 goblins (D:1)
  3 kobolds (D:1)
  A rat (D:2)
33 creatures vanquished.

Notes
Turn   | Place    | Note
-------+----------+-------------------------------------------
     0 | D:1      | Felnil the Spriggan Assassin began the quest for the Orb.
     0 | D:1      | Reached XP level 1. HP: 10/10 MP: 2/2
   124 | D:1      | Reached skill level 6 in Stealth
   216 | D:1      | Reached XP level 2. HP: 8/14 MP: 3/3
   774 | D:1      | Reached XP level 3. HP: 18/18 MP: 4/4
  1155 | D:2      | Slain by an adder

Skill      XL: |  1  2  3 |
---------------+----------+-----
Stealth        | 6 |  6.6
Dodging        | 2 3 |  3.2
Short Blades   | 3 |  3.0
Fighting       | |  1.5
Throwing       | |  2.0

Action                   || total
-------------------------++-------
Melee: Short sword       ||    14
       Dagger            ||   103
  Use: Scroll            ||     1
 Stab: Sleeping          ||     9
Armor: Robe              ||    21
Dodge: Dodged            ||   117
